 Dungeon Crawl Stone Soup version 0.14-a0-1444-g21dc12d (webtiles) character file.

4620 PolkaDot the Cleaver (level 10, -41/91 HPs)
             Began as a Hill Orc Fighter on Dec 14, 2013.
             Was a Priest of Beogh.
             Killed from afar by an eidolon (47 damage)
             ... with a bolt of negative energy
             ... on Level 8 of the Dungeon.
             The game lasted 00:40:48 (9704 turns).

PolkaDot the Cleaver (Hill Orc Fighter)             Turns: 9704, Time: 00:40:49

HP -41/91        AC 14     Str 20      XL: 10   Next: 29%
MP  10/10        EV 10     Int  8      God: Beogh [***...]
Gold 435         SH  0     Dex 13      Spells:  0 memorised,  9 levels left

rFire  . . .     SeeInvis .     a - +2 war axe (pain)
rCold  . . .     Clarity  .     i - +3 ring mail of Midsummer {+Fly Curse}
rNeg   . . .     Conserve .     (no shield)
rPois  .         rCorr    .     m - +1 horned helmet
rElec  .         rRot     .     (no cloak)
SustAb + .       Spirit   .     C - +0 pair of gloves
rMut   .         Warding  .     u - +0 pair of elf boots
Gourm  +         Stasis   .     y - amulet of the gourmand
                                h - ring of flight
                                r - ring of sustain abilities

@: very slightly contaminated, heavily drained, somewhat resistant to hostile
enchantments, very unstealthy
A: saprovore 1
a: Smiting, Renounce Religion, Evoke Flight


You were on level 8 of the Dungeon.
You worshipped Beogh.
Beogh was most pleased with you.
You were completely stuffed.

You visited 1 branch of the dungeon, and saw 8 of its levels.

You collected 435 gold pieces.

Inventory:

Hand weapons
 a - a +2,+2 war axe of pain (weapon)
Armour
 i - the +3 ring mail of Midsummer (worn) {+Fly Curse}
   (You found it on level 5 of the Dungeon)

   It lets you fly.
   It may recurse itself.
 m - a +1 horned helmet (worn)
 u - a +0 pair of elven boots (worn)
 C - a +0 pair of gloves (worn)
Magical devices
 D - a wand of frost (2)
 H - a wand of random effects (5)
Comestibles
 b - a cheese
 d - 3 meat rations
 t - 4 bread rations
 x - a choko
 E - an apricot
 M - 13 grapes
Scrolls
 g - a scroll of teleportation
Jewellery
 h - a ring of flight (right hand)
 r - a ring of sustain abilities (left hand)
 y - an amulet of the gourmand (around neck)
 A - an uncursed amulet of stasis
Potions
 f - 3 potions of brilliance
 j - a potion of flight
 s - 2 potions of restore abilities
 v - a potion of mutation
 G - a potion of magic


   Skills:
 - Level 9.5(7.3) Fighting
 + Level 12.5(10.1) Axes
 + Level 8.3(6.1) Armour
 * Level 3.1(1.2) Dodging
   Level 3.2(1.3) Shields


You had 9 spell levels left.
You didn't know any spells.

Dungeon Overview and Level Annotations

Branches:
Dungeon (8/16)             Temple (0/1) D:5
   Lair: D:8-11

Altars:
Cheibriados
Elyvilon
Nemelex Xobeh
Trog
Vehumet
Yredelemnul

Shops:
D:4 *


Innate Abilities, Weirdness & Mutations

You can tolerate rotten meat.


Message History

Items here: ???????????????
There are several objects here.
Pick up 3 scrolls of identify? ((y)es/(n)o/(a)ll/(m)enu/*?g,/q)
q - a scroll of blinking;
g - a scroll of teleportation The eidolon hits you but does no damage.
The eidolon completely misses you. The eidolon hits you!
* * * LOW HITPOINT WARNING * * *
The eidolon hits you but does no damage.
Read which item? (? for menu, Esc to quit)
Blink to where?
Press: ? - help, Dir - move target cursor
As you read the scroll of blinking, it crumbles to dust.
You are very lightly contaminated with residual magic.
You close the door.
You are no longer terrified.
You feel yourself speed up. The eidolon stares piercingly at you.
The bolt of negative energy hits you!
You feel drained.
Ouch! That really hurt!
You die...

### #### # # #.. #..# #..# # . .
#.. #..# #..# # #..# #..# #<.#
#..# #..# # #..# #..# #..# #..#
#..# # #..# #..# #..####..# #..#
# #..# #..# #........####..#####
#..# #..# #..@...........(....
##..####..####..####.W...........
......(.........# #..####..#####
..........).....# #..# #..# #
##..####..####.<####..# #..# #
#..# #..# #..##....# #..# # #..#
#..# #####.#### #..# #
##..####..# #8W8# #..#####
..........# ##+## ##......


You could see an eidolon.

Vanquished Creatures
  Pikel (D:5)
  The ghost of Piginabag the Magician, an average OpWz (D:3)
  A fire bat (D:8)
  3 sky beasts
  An ice beast (D:7)
  2 slaves
  An ogre (D:6)
  2 big kobolds (D:5)
  A centaur (D:8)
  A gnoll sergeant (D:6)
  Blork the orc (D:6)
  5 giant frogs
  A wyvern skeleton (D:6)
  6 killer bees (D:8)
  5 crimson imps
  3 goliath beetles
  A jelly (D:5)
  4 iguanas
  8 wights
  5 hounds
  3 giant frog zombies
  A centaur zombie (D:7)
  An orc priest (D:5)
  7 worker ants
  3 scorpions
  2 orc wizards (D:5)
  Jessica (D:3)
  12 gnolls
  9 adders
  2 giant centipedes (D:7)
  7 giant mites
  2 worms
  An adder zombie (D:8)
  An iguana skeleton (D:6)
  A giant eyeball (D:4)
  7 giant geckos
  2 oozes
  16 orcs
  13 giant cockroaches
  27 hobgoblins
  3 jackals (D:5)
  23 kobolds
  2 ball pythons
  11 bats
  A giant gecko zombie (D:5)
  7 giant newts
  26 goblins
  A goblin skeleton (D:5)
  3 quokkas
  15 rats
  A rat zombie (D:6)
  2 ballistomycetes (D:7)
266 creatures vanquished.

Vanquished Creatures (others)
  An ogre (D:5)
  An orc (D:5)
  A giant spore (D:7)
  A rat (D:5)
4 creatures vanquished.

Grand Total: 270 creatures vanquished

Notes
Turn   | Place    | Note
--------------------------------------------------------------
     0 | D:1      | PolkaDot, the Hill Orc Fighter, began the quest for the Orb.
     0 | D:1      | Reached XP level 1. HP: 19/19 MP: 1/1
    63 | D:1      | Reached XP level 2. HP: 21/27 MP: 2/2
   421 | D:1      | Reached skill level 4 in Axes
   795 | D:2      | Reached XP level 3. HP: 18/33 MP: 3/3
  1608 | D:3      | Found a sparkling altar of Nemelex Xobeh.
  1643 | D:3      | Reached XP level 4. HP: 35/40 MP: 4/4
  1900 | D:3      | Reached skill level 5 in Axes
  1943 | D:3      | Noticed Piginabag's ghost (average OpWz)
  1988 | D:3      | Killed Piginabag's ghost
  1988 | D:3      | Reached skill level 5 in Fighting
  1988 | D:3      | Reached skill level 6 in Axes
  1988 | D:3      | Reached XP level 5. HP: 30/48 MP: 5/5
  1988 | D:3      | Reached XP level 6. HP: 35/56 MP: 6/6
  2114 | D:3      | Found a bloodstained altar of Trog.
  2120 | D:3      | Found a snail-covered altar of Cheibriados.
  2121 | D:3      | Found a basalt altar of Yredelemnul.
  2170 | D:3      | Found a white marble altar of Elyvilon.
  2273 | D:3      | Reached skill level 7 in Axes
  2853 | D:3      | Noticed Jessica
  2860 | D:3      | Killed Jessica
  3261 | D:4      | Paralysed by a giant eyeball for 4 turns
  3315 | D:4      | Reached XP level 7. HP: 37/63 MP: 7/7
  3503 | D:4      | Reached skill level 8 in Axes
  3564 | D:4      | Found Igacaumunk's Elemental Accessories.
  4117 | D:5      | Entered Level 5 of the Dungeon
  4276 | D:5      | HP: 1/96 [something (5)]
  4598 | D:5      | Found a staircase to the Ecumenical Temple.
  4718 | D:5      | Reached skill level 9 in Axes
  4902 | D:5      | Reached XP level 8. HP: 23/73 MP: 8/8
  5289 | D:5      | Reached skill level 10 in Axes
  5480 | D:5      | Became a worshipper of Beogh the Brigand
  5724 | D:5      | Got a polished ring mail
  5737 | D:5      | Identified the +3 ring mail of Midsummer {+Fly Curse} (You found it on level 5 of the Dungeon)
  5919 | D:5      | Noticed Pikel
  5944 | D:6      | Noticed Blork the orc
  6011 | D:6      | Killed Blork the orc
  6088 | D:6      | Acquired Beogh's first power
  6110 | D:6      | Reached skill level 11 in Axes
  6223 | D:6      | Found a basalt altar of Yredelemnul.
  6294 | D:6      | Reached skill level 5 in Armour
  6305 | D:6      | Reached XP level 9. HP: 73/82 MP: 9/9
  7107 | D:5      | Killed Pikel
  7119 | D:5      | Acquired Beogh's second power
  7891 | D:7      | Reached skill level 12 in Axes
  8043 | D:7      | Found a radiant altar of Vehumet.
  8410 | D:7      | Reached skill level 1 in Dodging
  8517 | D:7      | Reached XP level 10. HP: 91/91 MP: 10/10
  9149 | D:8      | Acquired Beogh's third power
  9586 | D:8      | Found a white marble altar of Elyvilon.
  9678 | D:8      | Noticed an eidolon
  9692 | D:8      | Somebody: Hey.
  9692 | D:8      | PolkaDot: hi
  9692 | D:8      | PolkaDot: I may have just died
  9692 | D:8      | HP: 2/91 [eidolon (13)]
  9704 | D:8      | Killed from afar by an eidolon

Action                   |  1- 3 |  4- 6 |  7- 9 | 10-12 || total
-------------------------+-------+-------+-------+-------++-------
Melee: Hand axe          |   117 |   190 |   831 |    31 ||  1169
       Battleaxe         |       |       |       |    73 ||    73
       War axe           |       |       |       |     3 ||     3
Throw: Throwing net      |       |       |     6 |       ||     6
Invok: Convert to Beogh  |       |       |     1 |       ||     1
Evoke: Wand              |       |       |     9 |       ||     9
  Use: Scroll            |       |     3 |    12 |     3 ||    18
       Potion            |       |     4 |     6 |     1 ||    11
 Stab: Held in net/web   |       |       |     4 |       ||     4
